 Dungeon Crawl Stone Soup version 0.20.1-1-g8b1a95d (webtiles) character file.

23200 vishdafish the Spear-Bearer (level 13, -7/82 HPs)
             Began as a Gargoyle Fighter on July 13, 2017.
             Hit by a javelin thrown by Urug (15 damage)
             ... on level 2 of the Lair of Beasts.
             The game lasted 00:29:50 (15429 turns).

vishdafish the Spear-Bearer (Gargoyle Fighter)     Turns: 15429, Time: 00:29:51

Health: -7/82      AC: 24    Str: 22    XL:     13   Next: 5%
Magic:  22/22      EV: 18    Int: 10    God:
Gold:   798        SH: 13    Dex: 19    Spells: 12/12 levels left

rFire    . . .     SeeInvis .   C - +2 spear (flame)
rCold    . . .     Gourm    .   c - +0 shield
rNeg     + . .     Faith    .   A - +4 leather armour of Ossit {rCorr MP+9}
rPois    ∞         Spirit   .   (no helmet)
rElec    +         Reflect  .   o - +2 cloak
rCorr    +         Harm     .   H - +1 pair of gloves
MR       .....                  s - +0 pair of boots
Stlth    +++.......             (no amulet)
Regen    0.3/turn               i - +3 ring of dexterity
MPRegen  0.2/turn               (no ring)

@: agile, about to teleport
A: negative energy resistance 1, electricity resistance, unbreathing,
petrification resistance, rot immunity, AC +9
a: no special abilities


You were on level 2 of the Lair of Beasts.
You were hungry.

You visited 3 branches of the dungeon, and saw 14 of its levels.
You also visited: Ice Cave.

You collected 798 gold pieces.

Inventory:

Hand Weapons
 x - a +0 hunting sling of velocity
 C - a +2 spear of flaming (weapon)
Missiles
 y - 64 sling bullets
Armour
 c - a +0 shield (worn)
 o - a +2 cloak (worn)
 s - a +0 pair of boots (worn)
 z - a scarf of cloud immunity
 A - the +4 leather armour of Ossit (worn) {rCorr MP+9}
   (You found it on level 5 of the Dungeon)

   It affects your magic capacity (+9).
   It protects you from acid and corrosion.
 H - a +1 pair of gloves (worn)
Jewellery
 i - a +3 ring of dexterity (left hand)
Wands
 l - a wand of confusion (25/48)
 t - a wand of random effects (17/48)
 w - a wand of flame (24/48)
 E - a wand of paralysis (9/24)
 K - a wand of disintegration (17/24)
Scrolls
 a - a scroll of magic mapping {unknown}
 d - a scroll of enchant armour {unknown}
 g - a scroll of blinking {unknown}
 j - 4 scrolls of remove curse
 m - 4 scrolls of teleportation
 n - 4 scrolls of amnesia
 r - 2 scrolls of noise {unknown}
 B - a scroll of enchant weapon {unknown}
 D - a scroll of silence {unknown}
Potions
 b - a potion of brilliance {unknown}
 e - a potion of agility
 h - 2 potions of curing
 p - 2 potions of flight
 u - a potion of lignification {unknown}
 v - a potion of berserk rage {unknown}
 F - a potion of ambrosia {unknown}
 G - a potion of mutation {unknown}
Books
 I - a book of Maledictions

   Spells                             Type                      Level
   a - Corona                         Hexes                        1
   b - Ensorcelled Hibernation        Hexes/Ice                    2
   c - Confuse                        Hexes                        3
   d - Tukima's Dance                 Hexes                        3
   e - Dazzling Spray                 Conjuration/Hexes            3
Comestibles
 f - 2 bread rations
 k - 4 meat rations
 q - 3 royal jellies
 J - 10 fruits


   Skills:
 + Level 10.0 Fighting
 * Level 11.6 Polearms
 - Level 6.0 Slings
 - Level 0.1(3.6) Throwing
 + Level 10.2 Armour
 - Level 3.5 Dodging
 - Level 1.4 Stealth
 + Level 10.9 Shields


You had 12 spell levels left.
You didn't know any spells.

Dungeon Overview and Level Annotations

Branches:
Dungeon (11/15)            Temple (1/1) D:6            Lair (2/6) D:11
    Orc (0/2) D:10
  Swamp: Lair:2-4    Shoals: Lair:2-4     Snake: Lair:2-4    Spider: Lair:2-4

Altars:
Ashenzari
Cheibriados
Dithmenos
Elyvilon
Fedhas
Gozag
Hepliaklqana
Kikubaaqudgha
Makhleb
Nemelex Xobeh
Okawaru
Qazlal
Sif Muna
Trog
Uskayaw
Vehumet
Xom
Yredelemnul
The Shining One
Lugonu

Shops:
D:8 }   D:10 [   D:11 %

Annotations:
Lair:2 Urug


Innate Abilities, Weirdness & Mutations

You are resistant to torment.
Your stone body is resilient. (AC +9)
You are immune to poison.
You resist negative energy. (rN+)
You are resistant to electric shocks. (rElec)
You can survive without breathing.
You are immune to petrification.
You are immune to rotting.


Message History

Urug is lightly wounded.
You hit Urug. You burn Urug.
Urug is lightly wounded.
You hit Urug but do no damage.
Urug is lightly wounded.
Urug hits you with an enchanted eveningstar!!
You hit Urug. You burn Urug.
Urug is moderately wounded.
You hit Urug. You burn Urug.
Urug is moderately wounded.
Urug hits you with an enchanted eveningstar!
* * * LOW HITPOINT WARNING * * *
You hit Urug but do no damage.
Urug is moderately wounded.
As you read the scroll of teleportation, it crumbles to dust.
You feel strangely unstable.
Urug hits you with an enchanted eveningstar!
* * * LOW HITPOINT WARNING * * *
Urug throws a javelin.
The javelin hits you!
You die...

##....#.### ...
........P# .
...##.PP....P# ..
..P..$.....## .[.
...........# ....
#........#
.....#.....#..##
...........(...#
......o.@(.#..###
###......P..........#
#####.#......#.....P..###
P#.##..............#...#
.............P.....#..##
......................#
<.....................#
......................#
...........P..........#


You could see Urug.

Vanquished Creatures
  4 two-headed ogres
  The ghost of vishdafish the Spear-Bearer, a journeyman GrFi (D:10)
  2 unseen horrors
  Pikel (D:4)
  An ugly thing (D:11)
  4 gargoyles (D:11)
  3 black mambas
  Joseph (D:7)
  4 komodo dragons
  3 spiny frogs
  A rime drake (IceCv)
  4 trolls
  9 blink frogs
  3 hippogriffs
  A shadow (D:11)
  A wyvern (D:9)
  20 yaks
  2 water moccasins (Lair:1)
  2 porcupines (Lair:1)
  5 orc warriors
  A slave (D:3)
  The ghost of MrModeste the Ruffian, an amateur TrMo (D:3)
  20 ice beasts
  A necrophage (D:10)
  4 ogres
  A centaur (D:11)
  A hornet zombie (D:11)
  7 wolves
  A crocodile (Lair:1)
  9 bullfrogs
  A gnoll sergeant (D:6)
  3 scorpions
  6 killer bees (D:9)
  11 wights (D:10)
  4 electric eels
  5 crimson imps
  2 bullfrog zombies
  3 hounds
  4 jellies
  A bullfrog skeleton (D:10)
  A gnoll shaman (D:4)
  5 orc priests
  14 orc wizards
  6 iguanas
  6 worker ants
  2 mummies (D:10)
  Robin (D:4)
  11 adders
  7 gnolls
  A howler monkey skeleton (D:11)
  2 shadow imps
  2 oozes
  An adder zombie (D:9)
  4 worms
  A dart slug (D:1)
  5 leopard geckos
  45 orcs
  6 bats
  12 giant cockroaches
  14 goblins
  10 hobgoblins
  24 jackals
  7 kobolds
  4 quokkas
  2 ball pythons
  7 frilled lizards
  6 rats
364 creatures vanquished.

Vanquished Creatures (others)
  A hound (D:11)
  9 plants
10 creatures vanquished.

Grand Total: 374 creatures vanquished

Notes
Turn   | Place    | Note
-------+----------+-------------------------------------------
     0 | D:1      | vishdafish the Gargoyle Fighter began the quest for the Orb.
     0 | D:1      | Reached XP level 1. HP: 14/14 MP: 1/1
   153 | D:1      | Reached XP level 2. HP: 19/19 MP: 2/2
   344 | D:1      | Reached skill level 2 in Polearms
   503 | D:1      | Reached XP level 3. HP: 23/23 MP: 3/3
  1031 | D:2      | Reached XP level 4. HP: 29/29 MP: 4/4
  1518 | D:3      | Reached XP level 5. HP: 34/34 MP: 5/5
  1569 | D:3      | Noticed a dagger
  1569 | D:3      | Noticed a hand axe
  1571 | D:3      | Found a hide-covered altar of Uskayaw.
  1627 | D:3      | Noticed MrModeste's ghost (amateur TrMo)
  1631 | D:3      | Reached skill level 3 in Polearms
  1648 | D:3      | Killed MrModeste's ghost
  1648 | D:3      | Reached XP level 6. HP: 8/39 MP: 6/6
  2447 | D:4      | Noticed Pikel
  2447 | D:4      | Noticed a slave
  2447 | D:4      | Noticed a slave
  2447 | D:4      | Noticed a slave
  2447 | D:4      | Noticed a slave
  2496 | D:3      | Killed a slave
  2781 | D:4      | Reached skill level 4 in Polearms
  2820 | D:4      | Killed Pikel
  2820 | D:4      | Reached skill level 5 in Polearms
  2820 | D:4      | Reached skill level 5 in Armour
  2820 | D:4      | Reached skill level 1 in Dodging
  2820 | D:4      | Reached skill level 5 in Shields
  2820 | D:4      | Reached XP level 7. HP: 23/44 MP: 7/7
  2838 | D:4      | Reached skill level 5 in Fighting
  3078 | D:4      | Noticed Robin
  3096 | D:4      | Reached XP level 8. HP: 42/49 MP: 8/8
  3103 | D:4      | Killed Robin
  3277 | D:4      | Found a radiant altar of Vehumet.
  3277 | D:4      | Found a burning altar of Makhleb.
  3517 | D:5      | Entered Level 5 of the Dungeon
  3761 | D:5      | Got a polished leather armour
  3772 | D:5      | Identified the +4 leather armour of Ossit {rCorr MP+9} (You found it on level 5 of the Dungeon)
  4348 | D:6      | Found a shadowy altar of Dithmenos.
  4498 | D:6      | Found a staircase to the Ecumenical Temple.
  4508 | Temple   | Entered the Ecumenical Temple
  4593 | D:6      | Found an iron altar of Okawaru.
  4610 | D:6      | Found a white marble altar of Elyvilon.
  4625 | D:6      | Reached skill level 1 in Stealth
  4750 | D:6      | Found a hazy altar of Hepliaklqana.
  4750 | D:6      | Found a blossoming altar of Fedhas.
  5191 | D:6      | Reached skill level 6 in Polearms
  5223 | D:6      | Found a blossoming altar of Fedhas.
  5428 | D:7      | Noticed Joseph
  5447 | D:7      | Killed Joseph
  5447 | D:7      | Reached XP level 9. HP: 51/55 MP: 9/9
  6117 | D:7      | Reached skill level 7 in Polearms
  6714 | D:8      | Found Fierchea's Gadget Boutique.
  7039 | D:8      | Found a shimmering altar of Xom.
  7040 | D:8      | Found a shimmering altar of Xom.
  7041 | D:8      | Found a shimmering altar of Xom.
  7042 | D:8      | Found a shimmering altar of Xom.
  7045 | D:8      | Found a shimmering altar of Xom.
  7064 | D:8      | Found a shimmering altar of Xom.
  7066 | D:8      | Found a shimmering altar of Xom.
  7127 | D:8      | Found a snail-covered altar of Cheibriados.
  7150 | D:9      | Noticed a two-headed ogre
  7486 | D:9      | Noticed a two-headed ogre
  7688 | D:9      | Killed a two-headed ogre
  7688 | D:9      | Reached skill level 8 in Polearms
  7688 | D:9      | Reached skill level 1 in Slings
  7688 | D:9      | Reached XP level 10. HP: 40/61 MP: 10/10
  7785 | D:9      | Noticed a two-headed ogre
  7795 | D:9      | HP: 3/61 [two-headed ogre/giant spiked club (20)]
  7806 | D:9      | Killed a two-headed ogre
  8347 | D:9      | Found a bloodstained altar of Trog.
  8372 | D:10     | Entered Level 10 of the Dungeon
  8463 | D:10     | Found Werredd's Antique Armour Emporium.
  8699 | D:10     | Killed an unseen horror
  8978 | D:10     | Noticed vishdafish's ghost (journeyman GrFi)
  9158 | D:10     | Found a staircase to the Orcish Mines.
  9194 | D:10     | Noticed a two-headed ogre
  9259 | D:10     | Killed a two-headed ogre
  9259 | D:10     | Reached skill level 9 in Polearms
  9259 | D:10     | Reached XP level 11. HP: 40/68 MP: 11/11
  9408 | D:10     | Noticed a two-headed ogre
  9426 | D:10     | Killed a two-headed ogre
 10291 | D:10     | Killed vishdafish's ghost
 10663 | D:11     | Found a staircase to the Lair.
 11164 | D:11     | Reached skill level 10 in Polearms
 11608 | D:11     | Noticed a green ugly thing
 11632 | D:11     | Killed a green ugly thing
 11695 | D:11     | Reached skill level 5 in Slings
 11737 | D:11     | Reached XP level 12. HP: 64/75 MP: 12/12
 11775 | D:11     | Found Xot Woum's Food Shoppe.
 12181 | Lair:1   | Entered Level 1 of the Lair of Beasts
 12219 | Lair:1   | Reached skill level 10 in Shields
 12702 | Lair:1   | Found a frozen archway.
 12832 | IceCv    | Entered an ice cave
 13020 | IceCv    | HP: 3/76 [ice beast (9)]
 14079 | Lair:1   | Reached skill level 11 in Polearms
 14906 | Lair:1   | Reached skill level 10 in Armour
 15143 | Lair:2   | Reached XP level 13. HP: 51/82 MP: 13/13
 15211 | Lair:2   | Reached skill level 10 in Fighting
 15414 | Lair:2   | Noticed Urug
 15429 | Lair:2   | Hit by a javelin thrown by Urug

Skill      XL: |  1  2  3  4  5  6  7  8  9 10 11 12 13 |
---------------+----------------------------------------+-----
Polearms       | 2 3 5 6 8 9 10 11 | 11.6
Armour         | 4 5 6 7 8 10 | 10.2
Fighting       | 4 5 6 7 8 9 10 | 10.0
Shields        | 4 5 7 8 9 10 | 10.9
Dodging        | 1 2 3 |  3.5
Stealth        | 1 |  1.4
Slings         | 1 3 5 6 |  6.0
Throwing       | |  0.1

Action                   |  1- 3 |  4- 6 |  7- 9 | 10-12 | 13-15 || total
-------------------------+-------+-------+-------+-------+-------++-------
Melee: Trident           |   175 |   314 |   301 |       |       ||   790
       Spear             |       |       |   301 |  1501 |    38 ||  1840
 Fire: Hunting sling     |       |       |    28 |    39 |       ||    67
Throw: Throwing net      |       |       |     1 |     1 |       ||     2
Evoke: Wand              |       |       |       |     1 |       ||     1
  Use: Scroll            |       |     4 |       |     5 |     1 ||    10
       Potion            |       |     1 |       |    11 |     1 ||    13
 Stab: Sleeping          |       |       |     4 |       |       ||     4
       Invisible         |       |       |       |     8 |       ||     8
       Distracted        |       |       |       |     1 |       ||     1
       Held in net/web   |       |       |       |     1 |       ||     1
  Eat: Chunk             |       |     6 |    13 |    11 |     1 ||    31
       Bread ration      |       |       |     1 |     2 |       ||     3
       Meat ration       |       |       |       |     1 |       ||     1
Armor: Scale mail        |     2 |       |       |       |       ||     2
       Chain mail        |   125 |   220 |   144 |       |       ||   489
       Leather armour    |       |       |   181 |   429 |     9 ||   619
Dodge: Dodged            |    44 |    71 |   196 |   388 |     6 ||   705
Block: Shield            |    77 |   181 |   316 |   587 |    14 ||  1175
